 Dungeon Crawl Stone Soup version 0.22-a0-580-gd5db89c (webtiles) character file.

16249 Amnesiac the Slicer (level 12, -2/78 HPs)
             Began as a Formicid Earth Elementalist on July 2, 2018.
             Was a High Priest of Wu Jian.
             Killed from afar by a necromancer (54 damage)
             ... with a bolt of fire
             ... in an ice cave.
             The game lasted 00:55:55 (14646 turns).

Amnesiac the Slicer (Formicid Earth Elementalist)  Turns: 14646, Time: 00:55:56

Health: -2/78      AC:  5    Str: 12    XL:     12   Next: 67%
Magic:  19/30      EV: 19    Int: 17    God:    Wu Jian [*****.]
Gold:   685        SH:  5    Dex: 15    Spells: 3/24 levels left

rFire    x . .     SeeInvis +   K - +1 short sword (speed)
rCold    + + .     Gourm    .   n - +0 buckler
rNeg     . . .     Faith    +   x - +1 robe {rC+}
rPois    .         Spirit   .   (helmet unavailable)
rElec    .         Reflect  .   z - +0 cloak
rCorr    .         Harm     .   (no gloves)
MR       +....                  I - +0 pair of boots
Stlth    ++++......             F - amulet of faith
HPRegen  0.23/turn              H - ring of magical power
MPRegen  0.22/turn              L - ring of ice (curse)

@: no status effects
A: permanent stasis, dig shafts and tunnels, four strong arms, antennae 3
a: Dig, Shaft Self, Wall Jump, Serpent's Lash, Heavenly Storm, Renounce Religion


You were in an ice cave.
You worshipped Wu Jian.
Wu Jian was extremely pleased with you.
You were not hungry.

You visited 1 branch of the dungeon, and saw 11 of its levels.
You also visited: Ice Cave.

You collected 685 gold pieces.

Inventory:

Hand Weapons
 a - a +1 dagger
 m - a +1 falchion of flaming
 K - a +1 short sword of speed (weapon)
Missiles
 b - 189 stones (quivered)
 c - 2 throwing nets
Armour
 n - a +0 buckler (worn)
 x - a +1 robe of cold resistance (worn)
 z - a +0 cloak (worn)
 G - a +0 troll leather armour
 I - a +0 pair of boots (worn)
Jewellery
 y - an uncursed ring of protection from fire
 C - an uncursed ring of poison resistance
 F - an amulet of faith (around neck)
 H - a ring of magical power (left hand)
 L - a cursed ring of ice (right hand)
Wands
 h - a wand of iceblast (19)
 E - a wand of digging (12)
Scrolls
 e - 3 scrolls of amnesia {!r}
 g - 4 scrolls of identify {!r}
 j - a scroll of fog {!r}
 p - 3 scrolls of magic mapping {!r}
 r - 2 scrolls of enchant weapon {!r}
 s - 11 scrolls of remove curse {!r}
 v - 4 scrolls of enchant armour {!r}
Potions
 f - 3 potions of lignification {!q}
 i - 2 potions of ambrosia {!q}
 k - 3 potions of curing {!q}
 w - 2 potions of flight {!q}
 A - 2 potions of resistance {!q}
 B - 2 potions of agility {!q}
 D - 3 potions of mutation {!q}
 J - a potion of brilliance {!q}
Comestibles
 d - 24 rations


   Skills:
 - Level 2.0 Fighting
 - Level 10.0 Short Blades
 - Level 9.6 Dodging
 - Level 10.0 Stealth
 - Level 2.6 Shields
 - Level 6.5 Spellcasting
 + Level 3.0 Hexes
 - Level 6.5 Transmutations
 - Level 9.0 Earth Magic


You had 3 spell levels left.
You knew the following spells:

 Your Spells              Type           Power        Failure   Level  Hunger
a - Sandblast             Erth           #####.       1%          1    None
b - Passwall              Tmut/Erth      ####....     1%          2    None
c - Apportation           Tloc           #.....       12%         1    None
d - Lee's Rapid Deconstr  Erth           #####.....   9%          5    #####..
e - Petrify               Tmut/Erth      ####....     4%          4    ####...
f - Summon Small Mammal   Summ           #...         12%         1    None
g - Dazzling Spray        Conj/Hex       ##....       21%         3    ##.....
r - Regeneration          Chrm/Necr      #.........   36%         3    ##.....
z - Confusing Touch       Hex            ###...       3%          1    None

Your spell library contained the following spells:

 Spells                   Type           Power        Failure   Level  Hunger
 Magic Dart               Conj           #...         12%         1    None
 Conjure Flame            Conj/Fire      #.......     36%         3    ##.....
 Slow                     Hex            ###.....     5%          2    None
 Confuse                  Hex            ###.....     11%         3    ##.....
 Invisibility             Hex            ###.....     99%         6    #######
 Mephitic Cloud           Conj/Pois/Air  #.......     36%         3    ##.....
 Blink                    Tloc           N/A          19%         2    None
 Iskenderun's Mystic Bla  Conj           #.......     77%         4    ####...
 Animate Dead             Necr           N/A          77%         4    ####...
 Pain                     Necr           #...         12%         1    None
 Animate Skeleton         Necr           N/A          12%         1    None
 Vampiric Draining        Necr           #.........   36%         3    ##.....
 Call Imp                 Summ           #.......     19%         2    None
 Stone Arrow              Conj/Erth      ###...       6%          3    ##.....
 Swiftness                Chrm/Air       #.......     19%         2    None
 Metabolic Englaciation   Hex/Ice        ###.......   88%         5    #####..
 Passage of Golubria      Tloc           N/A          77%         4    ####...
 Darkness                 Hex            ###.......   99%         6    #######
 Fulminant Prism          Conj/Hex       ##........   54%         4    ####...
 Force Lance              Conj/Tloc      #.......     77%         4    ####...
 Searing Ray              Conj           #.....       19%         2    None
 Gell's Gravitas          Tloc           #.........   36%         3    ##.....
 Yara's Violent Unravell  Hex/Tmut       ###.......   43%         5    #####..


Dungeon Overview and Level Annotations

Branches:
Dungeon (11/15)            Temple (0/1) D:7            Lair (0/6) D:9
    Orc: D:9-12

Altars:
Cheibriados
Fedhas
Okawaru
Qazlal
Ru
Sif Muna
Trog
Wu Jian
The Shining One

Annotations:
IceCv exclusion: ice statue


Innate Abilities, Weirdness & Mutations

You cannot be hasted, slowed, berserked, paralysed or teleported.
You can dig through walls and to a lower floor.
Your four strong arms can wield two-handed weapons with a shield.
You have a pair of large antennae on your head. (SInv)


Message History

There's nothing to close nearby.
There's nothing to close nearby.
There's nothing to close nearby.
There's nothing to close nearby.
There's nothing to close nearby.
You start resting.
Magic restored.
You start resting.
You hear a distant blaring wail to the north.
HP restored.
You start resting.
Something unseen opens the door.
A necromancer comes into view. It is wielding a crude trident {vamp}.
There is an open door here.
You closely miss the necromancer.
The necromancer hits you with a crude trident {vamp}!
Casting: Petrify (safe; 4% risk of failure)
Confirm with . or Enter, or press ? or * to list all spells.
Aiming: Petrify (safe; 4% risk of failure)
Press: ? - help, Shift-Dir - straight line, f - necromancer
Aim: a necromancer, wielding a crude trident {vamp}, wearing a robe and wearing a shiny shield (chance to defeat MR: 26%)
The necromancer easily resists.
The necromancer mumbles some strange words.
The necromancer binds the souls of nearby monsters.
Unknown command.
Casting: Petrify (safe; 4% risk of failure)
Confirm with . or Enter, or press ? or * to list all spells.
Aiming: Petrify (safe; 4% risk of failure)
Press: ? - help, Shift-Dir - straight line, f/p - necromancer
Aim: a necromancer, wielding a crude trident {vamp}, wearing a robe and wearing a shiny shield (chance to defeat MR: 26%)
The necromancer easily resists.
The necromancer gestures at you while chanting.
You resist with significant effort.
Unknown command.
Casting: Petrify (safe; 4% risk of failure)
Confirm with . or Enter, or press ? or * to list all spells.
Aiming: Petrify (safe; 4% risk of failure)
Press: ? - help, Shift-Dir - straight line, f/p - necromancer
Aim: a necromancer, wielding a crude trident {vamp}, wearing a robe and wearing a shiny shield (chance to defeat MR: 26%)
The necromancer is moving more slowly.
The necromancer hits you with a crude trident {vamp}.
Unknown command.
You hit the necromancer.
The necromancer is lightly wounded.
You hit the necromancer.
The necromancer is lightly wounded.
The necromancer hits you with a crude trident {vamp}.
You hit the necromancer.
The necromancer is lightly wounded.
You spin and attack the necromancer repeatedly.
You hit the necromancer but do no damage.
The necromancer is lightly wounded.
You hit the necromancer.
The necromancer is lightly wounded.
The necromancer hits you but does no damage.
You catch the helpless necromancer completely off-guard!
You impale the necromancer!!
The necromancer is heavily wounded.
You hit the necromancer.
The necromancer is heavily wounded.
The necromancer casts a spell at you. The bolt of fire hits you!
The fire burns you terribly!
Ouch! That really hurt!
You die...

#..§Y§..#
#.##+##.# #.# #.#
#.# #.# ##.#{
#.##
####8.#####.8####
#...............#
#'######p######'#
#.#.'...@...'.#.#
#.###.8...8.###.#
#.#.'.......'.#.#
#.###.8...8.###.#
#.#.'.......'.#.#
#.###.8...8.###.#
#.#.'.......'.#.#
#'###'#...#'###'#
#...#.#...#.#...#


You could see a necromancer (petrifying).

Vanquished Creatures
  Erolcha (D:10)
  A hydra (D:8)
  Fannar (D:10)
  4 two-headed ogres
  An unseen horror (D:7)
  Pikel (D:6)
  A manticore (D:11)
  A moth of wrath (D:9)
  2 ice statues (IceCv)
  Maurice (D:8)
  A gargoyle (D:11)
  Psyche (D:8)
  7 ice devils (IceCv)
  A troll (D:10)
  2 dream sheep (D:8)
  Grinder (D:6)
  2 hippogriffs
  2 yaks (D:8)
  A steam dragon (D:7)
  2 hungry ghosts
  Menkaure (D:6)
  A water moccasin (D:6)
  An ice beast (D:5)
  2 sky beasts
  A black bear (D:8)
  3 orc warriors
  2 ogres (D:4)
  5 centaurs
  5 big kobolds
  A bullfrog (D:8)
  A wyvern zombie (D:10)
  2 scorpions (D:10)
  The ghost of iamserjio the Ruffian, a weakling DrSk (D:3)
  5 killer bees (D:7)
  3 wights (D:8)
  A howler monkey (D:8)
  A bullfrog zombie (D:8)
  4 crimson imps
  4 jellies
  3 centaur zombies
  4 draconian simulacra (IceCv)
  6 hounds
  4 quasits
  A bullfrog skeleton (D:8)
  5 orc priests
  9 orc wizards
  A centaur skeleton (D:6)
  5 iguanas
  8 worker ants
  2 troll simulacra (IceCv)
  2 centaur simulacra (IceCv)
  A hound skeleton (D:9)
  A mummy (D:7)
  2 howler monkey skeletons
  3 gnolls (D:4)
  A naga simulacrum (IceCv)
  13 adders
  An ogre simulacrum (IceCv)
  4 shadow imps
  3 oozes
  An adder skeleton (D:7)
  7 worms
  A dart slug (D:1)
  9 leopard geckos
  44 orcs
  10 giant cockroaches
  12 goblins
  22 hobgoblins
  8 jackals
  3 quokkas
  2 ball pythons
  7 bats
  4 frilled lizards
  A jackal skeleton (D:4)
  26 kobolds
  A leopard gecko zombie (D:2)
  2 quokka skeletons
  13 rats
330 creatures vanquished.

Vanquished Creatures (collateral kills)
  An ice devil (IceCv)
1 creature vanquished.

Vanquished Creatures (others)
  A slave (D:6)
  A plant (D:5)
2 creatures vanquished.

Grand Total: 333 creatures vanquished

Notes
Turn   | Place    | Note
-------+----------+-------------------------------------------
     0 | D:1      | Amnesiac the Formicid Earth Elementalist began the quest for the Orb.
     0 | D:1      | Reached XP level 1. HP: 13/13 MP: 3/3
   223 | D:2      | Reached XP level 2. HP: 12/19 MP: 0/5
   227 | D:2      | Learned a level 2 spell: Passwall
   320 | D:1      | Reached skill level 1 in Short Blades
   439 | D:2      | Reached XP level 3. HP: 16/24 MP: 3/6
   452 | D:2      | Found an ornate altar of the Wu Jian Council.
   475 | D:2      | Became a worshipper of the Wu Jian Council
  1188 | D:2      | Reached skill level 1 in Shields
  1268 | D:2      | Reached XP level 4. HP: 30/30 MP: 7/7
  1500 | D:2      | Reached XP level 5. HP: 27/35 MP: 0/9
  1850 | D:3      | Reached * piety under Wu Jian
  1851 | D:3      | Found a runed door.
  1851 | D:3      | Noticed iamserjio's ghost (weakling DrSk)
  1988 | D:3      | Learned a level 1 spell: Confusing Touch
  1993 | D:3      | Learned a level 4 spell: Petrify
  2354 | D:3      | Reached XP level 6. HP: 21/41 MP: 6/10
  2722 | D:3      | Found a blossoming altar of Fedhas.
  2805 | D:4      | Noticed an ogre
  2812 | D:4      | Killed an ogre
  3317 | D:4      | Reached XP level 7. HP: 46/46 MP: 8/11
  3436 | D:4      | Reached ** piety under Wu Jian
  4060 | D:4      | Reached skill level 5 in Short Blades
  4408 | D:5      | Entered Level 5 of the Dungeon
  4515 | D:5      | Reached skill level 5 in Stealth
  4515 | D:5      | Reached XP level 8. HP: 51/52 MP: 5/12
  5033 | D:5      | Learned a level 3 spell: Regeneration
  5079 | D:5      | Learned a level 1 spell: Apportation
  5081 | D:5      | Learned a level 1 spell: Summon Small Mammal
  5599 | D:6      | Found an iron altar of Okawaru.
  5608 | D:6      | Reached *** piety under Wu Jian
  6008 | D:6      | Noticed Pikel
  6017 | D:6      | Killed Pikel
  6017 | D:6      | Reached XP level 9. HP: 57/57 MP: 9/13
  6188 | D:6      | Noticed Menkaure
  6196 | D:6      | Killed Menkaure
  6235 | D:6      | Noticed Grinder
  6245 | D:6      | Killed Grinder
  6722 | D:7      | Found a stormy altar of Qazlal.
  6862 | D:7      | Found a staircase to the Ecumenical Temple.
  6947 | D:7      | Found a snail-covered altar of Cheibriados.
  6947 | D:7      | Reached XP level 10. HP: 63/63 MP: 7/14
  6957 | D:7      | Reached **** piety under Wu Jian
  7155 | D:3      | Killed iamserjio's ghost
  7452 | D:7      | Reached skill level 10 in Short Blades
  7665 | D:7      | Reached skill level 10 in Stealth
  8186 | D:8      | Noticed a two-headed ogre
  8188 | D:8      | Killed a two-headed ogre
  8188 | D:8      | Reached skill level 5 in Dodging
  8693 | D:8      | Noticed an unseen horror
  9036 | D:7      | Killed an unseen horror
  9036 | D:7      | Reached skill level 5 in Earth Magic
  9170 | D:8      | Noticed Psyche
  9173 | D:8      | Killed Psyche
  9173 | D:8      | Reached XP level 11. HP: 66/68 MP: 13/15
  9193 | D:8      | Noticed Maurice
  9201 | D:8      | Killed Maurice
  9374 | D:8      | Noticed a two-headed ogre
  9395 | D:8      | Killed a two-headed ogre
  9476 | D:8      | Noticed a two-headed ogre
  9619 | D:8      | Killed a two-headed ogre
  9939 | D:8      | Noticed a three-headed hydra
 10037 | D:8      | Killed a three-headed hydra
 10276 | D:8      | Found a glowing golden altar of the Shining One.
 10276 | D:8      | Found a sacrificial altar of Ru.
 10467 | D:9      | Found a staircase to the Lair.
 11083 | D:9      | Learned a level 5 spell: Lee's Rapid Deconstruction
 11329 | D:9      | Found a bloodstained altar of Trog.
 11329 | D:9      | Noticed a moth of wrath
 11373 | D:9      | Killed a moth of wrath
 11478 | D:9      | Reached ***** piety under Wu Jian
 11653 | D:10     | Entered Level 10 of the Dungeon
 11802 | D:10     | Noticed Fannar
 11952 | D:10     | Killed Fannar
 11952 | D:10     | Reached XP level 12. HP: 76/78 MP: 15/18
 12059 | D:10     | Noticed a two-headed ogre
 12074 | D:10     | Killed a two-headed ogre
 12284 | D:10     | Noticed Erolcha
 12304 | D:10     | Killed Erolcha
 12463 | D:11     | Found a deep blue altar of Sif Muna.
 12495 | D:11     | Reached skill level 5 in Spellcasting
 12567 | D:11     | Found a frozen archway.
 12580 | IceCv    | Entered an ice cave
 13089 | IceCv    | Learned a level 3 spell: Dazzling Spray
 14023 | IceCv    | Reached skill level 1 in Hexes
 14646 | IceCv    | Killed from afar by a necromancer

Vault maps used:
D:1:      lemuel_arrival_broad_hall
D:2:      lemuel_crystal_altar, st_stairs_3, minmay_misc_feat_secret_circle
D:3:      fedhas_altar_2, hellmonk_ghost_happy_afterlife,
          kennysheep_generic_room_12
D:4:      corexii_shantytown, first_ration, corexii_hall_statues_l,
          minmay_misc_feat_cross
D:5:      lexackson_kobold_supper
D:6:      okawaru_altar_gauntlet_db, hangedman_decor_lopped, nrook_uturn,
          uniq_pikel, uniq_menkaure, uniq_grinder
D:7:      nicolae_qazlal_style_of_elements, slow_altar_1,
          minmay_temple_entry_statues_fountains
D:8:      gammafunk_temple_overflow_elements, hangedman_ranch, uniq_maurice,
          uniq_psyche
D:9:      tgw_trog, lair_entry_dummy
D:10:     uniq_erolcha, uniq_fannar
D:11:     erik_orc_2, portal_ice_cave_entry_pillars_1, tgw_sif
IceCv:    ice_cave_tombish

Skill      XL: |  1  2  3  4  5  6  7  8  9 10 11 12 |
---------------+-------------------------------------+-----
Stealth        | 3 5 7 8 10 | 10.0
Short Blades   | 2 4 5 7 9 10 | 10.0
Earth Magic    | 4 6 9 |  9.0
Shields        | 1 2 |  2.6
Spellcasting   | 3 4 6 |  6.5
Transmutations | 3 4 6 |  6.5
Dodging        | 5 8 9 |  9.6
Fighting       | 2 |  2.0
Hexes          | 3 |  3.0

Action                   |  1- 3 |  4- 6 |  7- 9 | 10-12 || total
-------------------------+-------+-------+-------+-------++-------
Melee: Dagger            |    33 |   128 |   400 |   320 ||   881
       Staff             |       |       |       |     2 ||     2
       Unarmed           |       |       |       |     4 ||     4
       Short sword       |       |       |       |    13 ||    13
 Cast: Sandblast         |    40 |    75 |    46 |   153 ||   314
       Passwall          |     5 |    12 |    49 |    67 ||   133
       Petrify           |       |       |     8 |    66 ||    74
       Summon Small Mamm |       |       |       |     2 ||     2
       Lee's Rapid Decon |       |       |       |    13 ||    13
       Confusing Touch   |       |       |       |     3 ||     3
Invok: Lunge             |     5 |    20 |    22 |    48 ||    95
       Whirlwind         |       |    15 |    10 |    62 ||    87
       Wall Jump         |       |       |    45 |    46 ||    91
 Abil: Dig               |       |     8 |     3 |     8 ||    19
  Use: Scroll            |       |       |       |    20 ||    20
       Potion            |       |       |       |    13 ||    13
 Stab: Sleeping          |     5 |    22 |    51 |    57 ||   135
       Petrified         |       |       |     9 |    23 ||    32
       Distracted        |       |       |       |     3 ||     3
       Petrifying        |       |       |       |     6 ||     6
       Confused          |       |       |       |     4 ||     4
  Eat: Chunk             |     2 |     9 |    18 |    30 ||    59
       Ration            |       |       |       |     5 ||     5
Armor: Robe              |     8 |    10 |    13 |    19 ||    50
       Leather armour    |       |       |     9 |    18 ||    27
Dodge: Dodged            |    38 |    79 |    90 |   199 ||   406
Block: Buckler           |       |       |    37 |    56 ||    93

Table legend:
 A = Spawn XP
 B = Non-spawn XP
 C = Spawn XP percentage of total XP
 D = Spawn monster count
 E = Non-spawn monster count
 F = Spawn count percentage of total count
 G = Total turns spent on level
                    A         B        C        D         E        F      G
               +---------+---------+-------+---------+---------+-------+---------
         Total |       0 |   23214 |   0.0 |       0 |     331 |   0.0 | 14646
               +---------+---------+-------+---------+---------+-------+---------
           D:1 |       0 |      28 |   0.0 |       0 |      17 |   0.0 |   914
           D:2 |       0 |     134 |   0.0 |       0 |      37 |   0.0 |   923
           D:3 |       0 |     202 |   0.0 |       0 |      31 |   0.0 |  1087
           D:4 |       0 |     563 |   0.0 |       0 |      44 |   0.0 |  1719
           D:5 |       0 |     491 |   0.0 |       0 |      16 |   0.0 |  1042
           D:6 |       0 |    1639 |   0.0 |       0 |      27 |   0.0 |  1249
           D:7 |       0 |    2306 |   0.0 |       0 |      34 |   0.0 |  1635
           D:8 |       0 |    7133 |   0.0 |       0 |      43 |   0.0 |  2056
           D:9 |       0 |    1367 |   0.0 |       0 |      31 |   0.0 |  1139
          D:10 |       0 |    4189 |   0.0 |       0 |      26 |   0.0 |   652
          D:11 |       0 |    1331 |   0.0 |       0 |       5 |   0.0 |   164
         IceCv |       0 |    3831 |   0.0 |       0 |      20 |   0.0 |  2066
               +---------+---------+-------+---------+---------+-------+---------
